Map: [ESL] Moondance

Players

Rex

  • Race: Zerg Zerg
  • Spawn Location: 6:00

Nice - Winner!

  • Race: Protoss Protoss
  • Spawn Location: 12:00

Event: DreamHack SC2 Masters 2022 Atlanta (Online)

VOD

Have the link to the VOD?

Description

Time

  • Played on: Oct. 2, 2022, 7:43 a.m.
  • Length: 18:14

All games in this series

Show
View Real Time Build Order
Export as new Build Order

Rex Zerg 

Build Orders: Hatch First 

Get SALT Encoding   

  12  0:00  Drone  
  13  0:12  Overlord  
  13  0:16  Drone  
  14  0:30  Drone x2  
  16  0:48  Hatchery  
  15  0:52  Drone  
  15  0:54  Drone  
  17  0:58  Drone  
  18  1:08  Extractor  
  17  1:14  Spawning Pool  
  17  1:17  Drone  
  17  1:20  Drone  
  18  1:28  Drone  
  19  1:40  Drone  
  20  1:49  Overlord  
  20  2:00  Queen x2  
  24  2:02  Zergling x4  
  26  2:11  Metabolic Boost  
  26  2:12  Drone x2  
  28  2:21  Drone  
  28  2:22  Drone  
  30  2:36  Hatchery  
  29  2:42  Queen  
  31  2:47  Zergling x2  
  31  2:50  Zergling x2  
  31  2:51  Overlord  
  33  2:58  Zergling x2  
  33  3:00  Drone x2  
  36  3:13  Drone x5  
  36  3:19  Spore Crawler  
  40  3:24  Zergling x6  
  42  3:27  Zergling x2  
  42  3:29  Zergling x2  
  42  3:31  Zergling x2  
  44  3:37  Zergling x2  
  42  3:46  Drone x2  
  43  3:53  Drone x3  
  44  3:56  Drone  
  44  4:00  Drone x2  
  46  4:06  Queen  
  48  4:12  Drone  
  48  4:15  Drone  
  49  4:20  Overlord  
  49  4:21  Spore Crawler  
  48  4:24  Overlord  
  48  4:33  Drone x2  
  49  4:39  Drone, Overlord  
  49  4:40  Drone x2  
  52  4:47  Drone x4  
  52  4:50  Drone x2  
  58  4:53  Overlord  
  58  4:55  Overlord  
  58  5:03  Spore Crawler  
  57  5:09  Overlord  
  57  5:10  Drone x6  
  63  5:14  Queen  
  63  5:20  Lair  
  65  5:22  Queen  
  65  5:26  Drone x3  
  65  5:27  Drone  
  71  5:32  Roach Warren  
  70  5:39  Drone  
  70  5:40  Drone x5  
  70  5:42  Drone x2  
  78  5:44  Drone  
  78  5:48  Extractor  
  78  5:49  Drone x2, Extractor, Evolution Chamber  
  78  5:52  Drone x2  
  78  5:53  Drone  
  78  5:55  Extractor  
  78  5:56  Extractor  
  79  5:57  Drone x2  
  79  6:02  Drone  
  79  6:03  Drone x5  
  87  6:12  Zergling x6, Extractor  
  87  6:15  Overlord x2  
  89  6:20  Hatchery  
  88  6:30  Infestation Pit, Overlord  
  87  6:37  Spore Crawler, Drone  
  87  6:38  Spore Crawler, Drone x2, Spire  
  87  6:39  Spore Crawler  
  84  6:40  Spore Crawler  
  84  6:44  Drone x3  
  86  6:50  Drone x3  
  86  6:52  Drone  
  89  6:55  Zerg Melee Weapons Level 1  
  89  6:56  Drone  
  89  6:58  Drone x3  
  89  6:59  Drone  
  90  7:09  Queen  
  90  7:10  Overlord  
  90  7:11  Overlord  
  90  7:12  Overlord  
  90  7:15  Overlord x4  
  88  7:23  Overlord x3  
  88  7:33  Drone x5  
  89  7:39  Spore Crawler  
  87  7:53  Zerg Flyer Armor Level 1  
  87  7:58  Corruptor x7  
  82  8:03  Corruptor  
  87  8:09  Corruptor  
  87  8:10  Corruptor  
  87  8:12  Drone  
  90  8:13  Drone x2  
  90  8:15  Drone  
  90  8:19  Corruptor  
  93  8:21  Corruptor  
  93  8:25  Drone x2  
  99  8:32  Drone x5  
  99  8:34  Drone  
  100  8:41  Corruptor  
  100  8:44  Drone x3  
  103  8:49  Zerg Missile Weapons Level 1  
  103  8:52  Glial Reconstitution  
  103  8:53  Drone x4  
  103  8:54  Drone  
  108  9:02  Corruptor x2  
  108  9:07  Corruptor  
  114  9:10  Corruptor  
  114  9:13  Corruptor  
  114  9:14  Overseer  
  114  9:15  Overlord  
  117  9:17  Drone  
  117  9:19  Drone x3  
  117  9:20  Drone  
  117  9:21  Extractor  
  121  9:25  Corruptor, Extractor  
  121  9:27  Drone x3  
  125  9:34  Corruptor x2  
  125  9:41  Zergling x14  
  128  9:48  Corruptor  
  128  9:49  Corruptor  
  130  9:58  Corruptor  
  125  10:13  Corruptor x2  
  123  10:20  Drone x4  
  127  10:24  Overlord  
  127  10:28  Overlord x2  
  127  10:29  Overlord x5  
  127  10:33  Zerg Flyer Weapons Level 1  
  127  10:44  Corruptor x4  
  127  10:48  Overlord  
  127  10:49  Drone x7  
  138  10:57  Drone  
  138  10:58  Drone x4  
  138  11:00  Queen x2  
  138  11:02  Hatchery  
  146  11:05  Corruptor  
  146  11:08  Corruptor, Infestation Pit  
  149  11:14  Corruptor x2  
  149  11:16  Overseer  
  153  11:19  Queen  
  153  11:20  Drone x2  
  154  11:26  Queen  
  151  11:36  Queen  
  151  11:39  Zerg Melee Weapons Level 2  
  153  11:43  Overlord  
  153  11:44  Overlord  
  153  11:50  Hatchery  
  153  11:52  Roach  
  153  11:53  Roach x6  
  166  12:02  Roach x6  
  178  12:09  Roach  
  178  12:10  Roach x4  
  188  12:15  Hive  
  187  12:34  Baneling Nest  
  187  12:35  Zergling x2  
  187  12:36  Zergling x24  
  199  12:43  Drone  
  200  12:50  Overlord, Extractor, Evolution Chamber  
  200  12:51  Extractor, Evolution Chamber  
  197  12:53  Ravager x7  
  197  12:54  Ravager  
  200  13:02  Pneumatized Carapace  
  194  13:19  Corruptor x6  
  184  13:26  Zerg Missile Weapons Level 2  
  184  13:27  Zerg Ground Armor Level 1  
  200  13:29  Viper x2  
  200  13:31  Overlord  
  200  13:35  Spine Crawler  
  200  13:36  Spore Crawler  
  200  13:37  Spore Crawler  
  200  13:38  Spore Crawler  
  200  13:39  Spore Crawler x2, Drone x5  
  200  13:40  Spore Crawler x2  
  200  13:41  Spore Crawler, Baneling x11, Spine Crawler x2  
  194  13:50  Overseer x3  
  194  13:52  Overseer  
  194  13:53  Spore Crawler  
  194  13:54  Spore Crawler  
  192  13:57  Drone x3  
  192  13:58  Drone x2  
  192  14:01  Drone  
  192  14:02  Drone x2  
  162  14:37  Corruptor x2  
  162  14:38  Corruptor x8  
  163  14:44  Corruptor x2  
  142  14:54  Ravager x3  
  142  14:55  Corruptor x3  
  139  15:04  Infestor x2  
  140  15:15  Drone, Roach x9  
  159  15:22  Viper  
  159  15:25  Roach x5  
  172  15:29  Zergling x2  
  172  15:30  Zergling x6  
  172  15:34  Zergling x2  
  172  15:35  Zergling x8  
  174  15:44  Zergling x16  
  172  15:50  Ultralisk Cavern  
  172  15:53  Pathogen Glands  
  167  16:09  Viper x2  
  173  16:16  Greater Spire  
  173  16:17  Drone x3  
  176  16:20  Drone x6  
  176  16:22  Spore Crawler, Extractor  
  176  16:24  Spore Crawler  
  178  16:32  Overlord x2  
  178  16:33  Burrow  
  178  16:36  Adrenal Glands  
  178  16:42  Chitinous Plating  
  177  16:50  Neural Parasite  
  177  16:53  Ultralisk  
  182  16:57  Ravager x4  
  186  17:02  Zergling x8  
  186  17:03  Zergling x14  
  181  17:21  Mutalisk  
  165  17:23  Zergling x2, Roach x10  
  175  17:33  Ultralisk  
  144  17:45  Zergling x12  
Show
View Real Time Build Order
Export as new Build Order

Nice Protoss - Winner!

Build Orders: 1 Gate Expand, Oracle Opening, Carriers, Mass Phoenix 

Get SALT Encoding   

  12  0:00  Probe  
  13  0:12  Probe  
  14  0:20  Pylon  
  14  0:24  Probe  
  15  0:38  Probe (Chrono Boost)  
  15  0:41  Gateway  
  16  0:49  Probe (Chrono Boost)  
  17  0:51  Assimilator  
  17  0:54  Probe (Chrono Boost)  
  18  1:04  Probe  
  19  1:16  Probe  
  20  1:28  Cybernetics Core  
  20  1:36  Nexus  
  20  1:44  Pylon  
  20  1:49  Assimilator  
  20  1:52  Probe  
  21  2:02  Adept (Chrono Boost)  
  21  2:04  Probe  
  24  2:16  Probe  
  24  2:22  Adept (Chrono Boost)  
  25  2:28  Probe  
  28  2:31  Stargate  
  28  2:39  Warp Gate  
  28  2:40  Probe  
  29  2:45  Adept  
  31  2:52  Probe (Chrono Boost)  
  33  2:58  Probe (Chrono Boost)  
  33  3:01  Probe (Chrono Boost)  
  35  3:05  Probe (Chrono Boost)  
  35  3:06  Probe (Chrono Boost)  
  36  3:12  Gateway  
  36  3:13  Oracle (Chrono Boost)  
  36  3:16  Probe  
  36  3:18  Probe  
  41  3:28  Probe  
  41  3:30  Probe  
  43  3:40  Shield Battery  
  43  3:41  Probe  
  44  3:42  Adept  
  46  3:56  Probe x2  
  46  3:57  Shield Battery  
  44  4:10  Nexus  
  44  4:11  Pylon  
  44  4:17  Phoenix (Chrono Boost)  
  44  4:19  Pylon  
  46  4:29  Stargate, Probe x2  
  48  4:35  Phoenix (Chrono Boost)  
  50  4:42  Probe x2, Assimilator  
  50  4:43  Assimilator  
  50  4:44  Pylon  
  52  4:51  Phoenix (Chrono Boost)  
  52  4:54  Probe x2  
  52  4:55  Pylon  
  52  4:57  Pylon  
  56  5:06  Probe x2  
  58  5:10  Forge  
  58  5:12  Stargate  
  58  5:18  Probe x2  
  58  5:21  Phoenix (Chrono Boost)  
  62  5:22  Probe  
  65  5:28  Phoenix (Chrono Boost)  
  65  5:30  Probe x2  
  65  5:34  Probe  
  65  5:35  Assimilator  
  68  5:40  Phoenix (Chrono Boost)  
  68  5:42  Probe x2  
  72  5:46  Probe  
  75  5:52  Pylon  
  75  5:53  Phoenix (Chrono Boost)  
  75  5:54  Probe x2  
  75  5:56  Phoenix (Chrono Boost)  
  77  5:58  Probe  
  82  6:06  Probe x2  
  82  6:08  Phoenix (Chrono Boost)  
  82  6:11  Probe  
  85  6:12  Phoenix (Chrono Boost), Pylon  
  87  6:18  Probe x2  
  87  6:26  Phoenix  
  87  6:29  Phoenix  
  87  6:32  Probe  
  92  6:34  Pylon  
  92  6:36  Pylon  
  92  6:49  Protoss Air Weapons Level 1  
  92  6:52  Probe  
  93  7:02  Phoenix (Chrono Boost), Fleet Beacon  
  93  7:04  Phoenix (Chrono Boost)  
  97  7:11  Phoenix (Chrono Boost)  
  97  7:17  Probe x2  
  97  7:18  Zealot  
  97  7:19  Zealot  
  107  7:30  Void Ray (Chrono Boost)  
  107  7:37  Nexus  
  107  7:38  Pylon  
  107  7:41  Pylon  
  107  7:42  Void Ray  
  111  7:50  Probe  
  111  7:51  Probe  
  117  7:54  Probe  
  117  7:56  Void Ray  
  113  8:04  Anion Pulse-Crystals (Chrono Boost)  
  111  8:09  Probe x3  
  116  8:13  Zealot x2  
  116  8:14  Void Ray  
  116  8:16  Photon Cannon  
  116  8:17  Pylon  
  116  8:19  Photon Cannon  
  120  8:21  Probe x2, Stargate  
  124  8:37  Probe x2  
  124  8:39  Assimilator  
  124  8:40  Void Ray, Assimilator  
  126  8:42  Shield Battery  
  126  8:44  Photon Cannon  
  128  8:49  Probe x2, Void Ray (Chrono Boost)  
  128  8:52  Probe x2  
  132  9:01  Probe x2  
  138  9:03  Nexus  
  138  9:04  Pylon  
  137  9:12  Sentry  
  137  9:14  Probe  
  137  9:15  Probe x3, Void Ray (Chrono Boost)  
  137  9:17  Cybernetics Core  
  147  9:20  Void Ray (Chrono Boost)  
  147  9:26  Probe  
  147  9:27  Protoss Air Weapons Level 2 (Chrono Boost), Probe x3  
  155  9:36  Void Ray (Chrono Boost)  
  155  9:39  Probe x3  
  155  9:42  Void Ray  
  164  9:54  Void Ray (Chrono Boost)  
  168  10:03  Void Ray (Chrono Boost)  
  150  10:17  Void Ray (Chrono Boost)  
  150  10:19  Probe x4  
  150  10:21  Flux Vanes  
  150  10:23  Probe  
  150  10:26  Assimilator x2  
  150  10:27  Photon Cannon  
  150  10:28  Photon Cannon  
  151  10:29  Photon Cannon  
  151  10:30  Shield Battery  
  151  10:31  Shield Battery  
  151  10:32  Void Ray (Chrono Boost), Pylon  
  155  10:36  Zealot x2  
  155  10:37  Protoss Air Armor Level 1 (Chrono Boost)  
  155  10:40  Void Ray (Chrono Boost)  
  155  10:41  Void Ray (Chrono Boost)  
  164  10:51  Void Ray  
  164  10:54  Photon Cannon  
  164  10:56  Photon Cannon  
  164  10:57  Photon Cannon  
  164  10:58  Stargate  
  164  10:59  Shield Battery  
  164  11:00  Shield Battery  
  164  11:01  Robotics Facility  
  164  11:03  Photon Cannon, Pylon  
  164  11:05  Photon Cannon  
  164  11:07  Photon Cannon, Pylon  
  164  11:09  Shield Battery, Nexus  
  164  11:12  Shield Battery  
  164  11:18  Carrier (Chrono Boost)  
  174  11:28  Carrier (Chrono Boost), Void Ray (Chrono Boost)  
  174  11:29  Carrier (Chrono Boost)  
  182  11:48  Observer  
  182  11:50  Shield Battery  
  182  11:53  Shield Battery  
  183  11:54  Pylon  
  183  11:55  Photon Cannon  
  183  11:56  Photon Cannon  
  183  11:58  Photon Cannon  
  183  11:59  Photon Cannon  
  183  12:01  Shield Battery x2  
  183  12:04  Pylon  
  183  12:07  Assimilator  
  183  12:08  Carrier (Chrono Boost)  
  189  12:09  Assimilator  
  189  12:11  Carrier (Chrono Boost)  
  189  12:15  Protoss Air Weapons Level 3 (Chrono Boost)  
  195  12:20  Mothership  
  193  12:24  Protoss Ground Weapons Level 1 (Chrono Boost)  
  193  12:28  Observer (Chrono Boost)  
  190  12:36  Gateway  
  198  12:39  Gateway  
  198  12:40  Gateway  
  198  12:41  Gateway  
  198  12:43  Forge, Gateway  
  198  12:45  Twilight Council  
  198  12:47  Forge  
  190  13:25  Carrier (Chrono Boost)  
  190  13:28  Protoss Shields Level 1 (Chrono Boost), Protoss Air Armor Level 2 (Chrono Boost)  
  190  13:33  Templar Archives  
  196  13:37  Protoss Ground Armor Level 1 (Chrono Boost)  
  194  13:42  Gateway  
  194  13:44  Gateway  
  194  13:46  Gateway  
  194  13:47  Gateway  
  200  13:51  Pylon  
  200  13:52  Carrier (Chrono Boost)  
  200  13:54  Pylon  
  198  13:56  Zealot  
  191  14:25  Zealot x4  
  170  14:53  Void Ray  
  170  14:54  Void Ray x3  
  170  14:55  Void Ray  
  158  15:05  Zealot x10  
  169  15:14  Unknown  
  169  15:16  Protoss Ground Weapons Level 2 (Chrono Boost)  
  169  15:19  Charge (Chrono Boost), Psionic Storm  
  169  15:28  High Templar x4  
  171  15:29  High Templar x6  
  171  15:32  Archon  
  171  15:35  Carrier x2 (Chrono Boost)  
  185  15:36  Archon  
  185  15:37  Archon  
  185  15:38  Carrier (Chrono Boost)  
  195  15:53  Twilight Council  
  195  15:56  Photon Cannon  
  185  15:57  Shield Battery, Carrier x2 (Chrono Boost)  
  185  15:59  Photon Cannon  
  185  16:00  Pylon  
  185  16:01  Nexus  
  185  16:02  Photon Cannon  
  185  16:03  Shield Battery x2, Photon Cannon, Pylon  
  193  16:07  Assimilator  
  193  16:10  Assimilator  
  193  16:11  Zealot x2  
  193  16:16  Observer (Chrono Boost)  
  198  16:22  Robotics Bay  
  197  16:29  Observer (Chrono Boost)  
  194  16:40  High Templar x2  
  194  16:42  Nexus  
  194  16:43  High Templar  
  194  16:44  Archon, Pylon  
  200  16:52  Assimilator  
  200  16:58  Assimilator  
  200  17:00  Pylon  
  184  17:15  Archon  
  184  17:16  Archon  
  180  17:29  Zealot x10  
  170  17:52  Stalker x2  
  170  17:53  Stalker x6  
  170  17:54  Stalker x2  
Tags
 
Add a new tag
Caveats
  • Supply blocks, unpowered buildings, or Contaminate may cause inaccurate times.
  • Supply counts are checked every 10 seconds.